 Dungeon Crawl Stone Soup version 0.21.0 (webtiles) character file.

10509 Mefis the Thaumaturge (level 11, -6/54 HPs)
             Began as a Deep Elf Wizard on Jan 7, 2018.
             Was an Elder of Sif Muna.
             Mangled by a dream sheep (13 damage)
             ... on level 10 of the Dungeon on Jan 8, 2018.
             The game lasted 00:55:49 (18209 turns).

Mefis the Thaumaturge (Deep Elf Wizard)            Turns: 18209, Time: 00:55:50

Health: -6/54      AC:  5    Str:  8    XL:     11   Next: 37%
Magic:  25/28      EV: 18    Int: 27    God:    Sif Muna [****..]
Gold:   202        SH:  0    Dex: 13    Spells: 8/32 levels left

rFire    . . .     SeeInvis .   Z - staff of poison
rCold    + . .     Gourm    .   (no shield)
rNeg     . . .     Faith    .   t - +0 robe {rC+}
rPois    +         Spirit   .   b - +0 hat
rElec    .         Reflect  .   w - +0 cloak
rCorr    .         Harm     .   j - +0 pair of gloves
MR       +....                  D - +0 pair of boots
Stlth    +++++.....             L - amulet of magic regeneration
HPRegen  0.18/turn              S - ring of poison resistance
MPRegen  0.46/turn              E - +4 ring of strength

@: no status effects
A: repulsion field 1, camouflage 1
a: Divine Energy, Channel Magic, Forget Spell, Renounce Religion


You were on level 10 of the Dungeon.
You worshipped Sif Muna.
Sif Muna was greatly pleased with you.
You were very hungry.

You visited 3 branches of the dungeon, and saw 13 of its levels.
You also visited: Sewer.

You collected 661 gold pieces.
You spent 459 gold pieces at shops.

Inventory:

Hand Weapons
 n - a +1 whip of venom
 z - a +0 blowgun
Missiles
 y - 66 sling bullets
 A - 37 poisoned needles
 U - 2 throwing nets (quivered)
Armour
 b - a +0 hat (worn)
 j - a +0 pair of gloves (worn)
 p - a +0 buckler
 t - a +0 robe of cold resistance (worn)
 w - a +0 cloak (worn)
 D - a +0 pair of boots (worn)
 W - a +0 troll leather armour
Magical Staves
 Z - an uncursed staff of poison (weapon)
Jewellery
 x - an uncursed ring of fire
 E - a +4 ring of strength (right hand)
 G - an uncursed ring of protection from cold
 L - an amulet of magic regeneration (around neck)
 S - a ring of poison resistance (left hand)
 Y - an uncursed ring of flight
Wands
 f - a wand of scattershot (4)
 H - a wand of enslavement (18)
 P - a wand of paralysis (15)
 V - a wand of flame (15)
 X - a wand of disintegration (20)
Scrolls
 e - 4 scrolls of enchant armour
 h - 2 scrolls of enchant weapon
 l - 5 scrolls of remove curse
 q - 6 scrolls of teleportation
 s - a scroll of immolation
 B - 3 scrolls of magic mapping
 J - 2 scrolls of amnesia
 Q - a scroll of blinking
 R - a scroll of fog
Potions
 a - 2 potions of might {unknown}
 k - 4 potions of curing
 m - 3 potions of agility
 o - 2 potions of haste
 v - 2 potions of resistance {unknown}
 C - 8 potions of flight
 F - 2 potions of cancellation {unknown}
 I - 2 potions of berserk rage {unknown}
 K - 3 potions of degeneration {unknown}
 M - a potion of heal wounds
 N - a potion of ambrosia {unknown}
 O - a potion of brilliance {unknown}
Books
 c - a book of Minor Magic

   Spells                             Type                      Level
   a - Magic Dart                     Conjuration                  1
   b - Blink                          Translocation                2
   c - Call Imp                       Summoning                    2
   d - Slow                           Hexes                        2
   e - Conjure Flame                  Conjuration/Fire             3
   f - Mephitic Cloud                 Conjuration/Poison/Air       3
 i - a book of Maledictions

   Spells                             Type                      Level
   a - Corona                         Hexes                        1
   b - Ensorcelled Hibernation        Hexes/Ice                    2
   c - Confuse                        Hexes                        3
   d - Tukima's Dance                 Hexes                        3
   e - Dazzling Spray                 Conjuration/Hexes            3
Comestibles
 d - 16 rations


   Skills:
 + Level 7.5 Dodging
 + Level 8.2 Stealth
 + Level 4.8 Shields
 * Level 11.4 Spellcasting
 + Level 6.5 Conjurations
 + Level 7.2 Hexes
 - Level 2.3 Summonings
 + Level 3.5 Translocations
 + Level 3.3 Ice Magic
 - Level 4.3 Air Magic
 - Level 4.8 Poison Magic
 + Level 2.7 Invocations
 + Level 2.9 Evocations


You had 8 spell levels left.
You knew the following spells:

 Your Spells              Type           Power        Failure   Level  Hunger
a - Magic Dart            Conj           ####         1%          1    None
b - Call Imp              Summ           ####....     1%          2    None
c - Blink                 Tloc           N/A          1%          2    None
e - Mephitic Cloud        Conj/Pois/Air  ######..     1%          3    None
f - Conjure Flame         Conj/Fire      ####....     3%          3    None
g - Ensorcelled Hibernat  Hex/Ice        #####.       1%          2    None
h - Slow                  Hex            ######..     1%          2    None
j - Confuse               Hex            ######..     1%          3    None
s - Dazzling Spray        Conj/Hex       ######       1%          3    None
G - Tukima's Dance        Hex            ######..     1%          3    None


Dungeon Overview and Level Annotations

Branches:
Dungeon (11/15)            Temple (1/1) D:5            Lair (1/6) D:10
    Orc (0/2) D:11

Altars:
Ashenzari
Cheibriados
Dithmenos
Elyvilon
Fedhas
Gozag
Hepliaklqana
Kikubaaqudgha
Makhleb
Nemelex Xobeh
Okawaru
Qazlal
Ru
Sif Muna
Trog
Uskayaw
Vehumet
Wu Jian
Xom
Yredelemnul
Zin
The Shining One

Shops:
D:5 !   D:8 ?

Annotations:
D:3 no0bjke's ghost, amateur GrFi


Innate Abilities, Weirdness & Mutations

You are surrounded by a mild repulsion field. (EV +2)
Your skin changes colour to match your surroundings (Stealth+).


Message History

The dream sheep seems less confused.
The dream sheep barely misses you. The dream sheep completely misses you.
You wake up.
Things that are here:
a club; a blowgun
Casting: Mephitic Cloud
Confirm with . or Enter, or press ? or * to list all spells.
Aiming: Mephitic Cloud
Press: ? - help, Shift-Dir - straight line, f/p - dream sheep
Aim: a dream sheep (moderately wounded)
You feel a surge of power!
The ball explodes into a vile cloud!
The stinking cloud engulfs the dream sheep.
The dream sheep is moderately wounded.
The stinking cloud engulfs the dream sheep.
The stinking cloud engulfs you!
The dream sheep is engulfed in noxious fumes.
The dream sheep bites you!
* * * LOW HITPOINT WARNING * * *
The dream sheep is engulfed in noxious fumes.
The dream sheep bites you!
You die...

.'..........####.....#
##..........'..'.....#
#..........####.....#
#..........# ###'###
#########'## ##.<# #.#
#..## #.# #.## #.#
###.####### #.#
#.§@§.....# ####.#
#..YY.....# ##....#
#..§§.Y...#
######..######.........#
.......^....##....Y.)..#
######.####........>...#
#.# ####.........# #.#
########### ##.#


You could see 4 dream sheep.

Vanquished Creatures
  Josephine (D:10)
  3 two-headed ogres
  Maurice (D:10)
  A troll (D:9)
  A hornet (D:9)
  5 hippogriffs
  3 wraiths (D:9)
  2 hungry ghosts
  Menkaure (D:6)
  2 vampire mosquitoes (D:9)
  A soldier ant (D:9)
  A water moccasin (D:7)
  5 orc warriors
  An ice beast (D:8)
  A necrophage (D:5)
  2 ogres
  A phantom (D:6)
  3 sky beasts
  4 wolves (D:8)
  11 centaurs
  A big kobold (D:10)
  4 bullfrogs
  4 scorpions
  2 killer bees (D:9)
  6 wights
  A howler monkey (D:6)
  3 crimson imps
  4 centaur zombies
  7 hounds
  A bullfrog zombie (D:9)
  A bullfrog skeleton (D:4)
  6 jellies
  6 orc wizards
  4 orc priests
  A gnoll shaman (D:9)
  2 centaur skeletons
  3 iguanas
  A merfolk siren (Sewer)
  7 worker ants
  A merfolk avatar (Sewer)
  A hound skeleton (D:9)
  3 worker ant zombies
  A howler monkey skeleton (D:7)
  9 gnolls
  10 adders
  5 river rats
  A shadow imp (D:8)
  An ooze (D:2)
  3 adder skeletons
  An adder zombie (D:6)
  A worm (D:3)
  2 dart slugs
  11 leopard geckos
  18 orcs
  13 giant cockroaches
  3 goblins
  14 hobgoblins
  4 jackals (D:7)
  5 quokkas
  5 ball pythons
  7 bats
  8 frilled lizards
  10 kobolds
  34 rats
285 creatures vanquished.

Vanquished Creatures (collateral kills)
  Grum (D:8)
  A phantom (D:4)
  2 wights
  A hound (D:6)
  A gnoll (D:2)
  An orc (D:8)
  A goblin (D:3)
  A ball python (Sewer)
  4 kobolds (D:10)
13 creatures vanquished.

Vanquished Creatures (others)
  2 dancing weapons (D:8)
  A killer bee (D:9)
  A frilled lizard (Sewer)
4 creatures vanquished.

Grand Total: 302 creatures vanquished

Notes
Turn   | Place    | Note
-------+----------+-------------------------------------------
     0 | D:1      | Mefis the Deep Elf Wizard began the quest for the Orb.
     0 | D:1      | Reached XP level 1. HP: 10/10 MP: 7/7
   431 | D:1      | Reached XP level 2. HP: 15/15 MP: 3/9
   435 | D:1      | Learned a level 2 spell: Call Imp
   438 | D:1      | Learned a level 2 spell: Blink
  1141 | D:1      | Reached skill level 5 in Spellcasting
  1396 | D:2      | Reached XP level 3. HP: 17/19 MP: 2/11
  1401 | D:2      | Learned a level 3 spell: Mephitic Cloud
  1405 | D:2      | Learned a level 3 spell: Conjure Flame
  2448 | D:2      | Found an iron altar of Okawaru.
  2525 | D:2      | Reached XP level 4. HP: 24/24 MP: 1/13
  2781 | D:2      | Found a stormy altar of Qazlal.
  2970 | D:3      | Found a glowing golden altar of the Shining One.
  3255 | D:3      | Noticed no0bjke's ghost (amateur GrFi)
  3755 | D:3      | Reached skill level 1 in Shields
  3848 | D:3      | Reached XP level 5. HP: 28/28 MP: 9/15
  3890 | D:3      | Learned a level 2 spell: Slow
  4923 | D:4      | Reached skill level 6 in Spellcasting
  4933 | D:4      | Found a burning altar of Makhleb.
  5287 | D:4      | Reached skill level 1 in Hexes
  5321 | D:4      | Noticed a phantom
  5755 | D:4      | Killed a phantom
  5755 | D:4      | Reached skill level 1 in Poison Magic
  5755 | D:4      | Reached XP level 6. HP: 32/32 MP: 7/17
  6239 | D:5      | Entered Level 5 of the Dungeon
  6329 | D:5      | Reached skill level 1 in Air Magic
  6442 | D:5      | Reached XP level 7. HP: 36/36 MP: 1/18
  6498 | D:5      | Found Hing's Distillery.
  6513 | D:5      | Bought a potion of mutation for 80 gold pieces
  6513 | D:5      | Bought 2 potions of heal wounds for 100 gold pieces
  6513 | D:5      | Bought a potion of agility for 40 gold pieces
  6513 | D:5      | Gained mutation: You are surrounded by a mild repulsion field. (EV +2) [potion of mutation]
  6513 | D:5      | Gained mutation: Your skin changes colour to match your surroundings (Stealth+). [potion of mutation]
  6586 | D:5      | Found a glowing drain.
  6633 | Sewer    | Entered a sewer
  8135 | D:5      | Found a staircase to the Ecumenical Temple.
  8194 | Temple   | Entered the Ecumenical Temple
  8221 | Temple   | Became a worshipper of Sif Muna the Loreminder
  8538 | D:6      | Noticed Menkaure
  8608 | D:6      | Reached skill level 7 in Spellcasting
  8726 | D:6      | Killed Menkaure
  8726 | D:6      | Reached XP level 8. HP: 41/41 MP: 8/20
  8775 | D:6      | Reached skill level 5 in Stealth
  8987 | D:6      | Found a white marble altar of Elyvilon.
  9091 | D:6      | Reached skill level 5 in Dodging
  9823 | D:6      | Reached skill level 8 in Spellcasting
 10351 | D:6      | Reached * piety under Sif Muna
 10623 | D:7      | Noticed a hippogriff
 10646 | D:7      | Killed a hippogriff
 10646 | D:7      | Reached XP level 9. HP: 45/45 MP: 16/23
 10678 | D:7      | Found a basalt altar of Yredelemnul.
 11108 | D:7      | Found a snail-covered altar of Cheibriados.
 11112 | D:7      | Found a hazy altar of Hepliaklqana.
 11298 | D:7      | Reached skill level 5 in Hexes
 11354 | D:7      | Reached skill level 9 in Spellcasting
 12094 | D:8      | Reached skill level 5 in Conjurations
 12291 | D:8      | Learned a level 3 spell: Dazzling Spray
 12294 | D:8      | Learned a level 2 spell: Ensorcelled Hibernation
 12298 | D:8      | Learned a level 3 spell: Tukima's Dance
 12302 | D:8      | Learned a level 3 spell: Confuse
 12325 | D:8      | Noticed Grum
 12337 | D:8      | Reached ** piety under Sif Muna
 12363 | D:8      | Killed Grum
 12445 | D:8      | Found Zuogh's Magic Scroll Shoppe.
 12454 | D:8      | Bought a scroll of blinking for 112 gold pieces
 12454 | D:8      | Bought a scroll of fog for 30 gold pieces
 12454 | D:8      | Bought a scroll of identify for 30 gold pieces
 12454 | D:8      | Bought a scroll of noise for 15 gold pieces
 12454 | D:8      | Bought a scroll of immolation for 52 gold pieces
 12461 | D:8      | Noticed a two-headed ogre
 12504 | D:8      | Killed a two-headed ogre
 12504 | D:8      | Reached XP level 10. HP: 30/50 MP: 9/25
 12703 | D:8      | Reached skill level 10 in Spellcasting
 12722 | D:8      | Found an ancient bone altar of Kikubaaqudgha.
 13487 | D:8      | Reached skill level 1 in Ice Magic
 13534 | D:9      | Noticed a two-headed ogre
 13561 | D:8      | Killed a two-headed ogre
 13561 | D:8      | Reached *** piety under Sif Muna
 13900 | D:9      | Reached skill level 1 in Evocations
 14059 | D:9      | Reached skill level 1 in Invocations
 15211 | D:9      | Found a shadowy altar of Dithmenos.
 15219 | D:9      | Found a glowing golden altar of the Shining One.
 15579 | D:9      | Found a deep blue altar of Sif Muna.
 15841 | D:9      | Reached skill level 11 in Spellcasting
 15841 | D:9      | Reached XP level 11. HP: 26/54 MP: 20/28
 16180 | D:10     | Entered Level 10 of the Dungeon
 16182 | D:10     | Found a staircase to the Lair.
 16436 | D:10     | Noticed Maurice
 16474 | D:10     | Killed Maurice
 16699 | D:10     | Noticed Josephine
 16713 | D:10     | Killed Josephine
 16713 | D:10     | Reached **** piety under Sif Muna
 17642 | D:11     | Noticed a two-headed ogre
 17662 | D:11     | Killed a two-headed ogre
 17726 | D:11     | Found a staircase to the Orcish Mines.
 18167 | Lair:1   | Entered Level 1 of the Lair of Beasts
 18209 | D:10     | Mangled by a dream sheep

Skill      XL: |  1  2  3  4  5  6  7  8  9 10 11 |
---------------+----------------------------------+-----
Spellcasting   | 5 6 7 8 9 11 | 11.4
Stealth        | 3 4 5 6 7 8 |  8.2
Dodging        | 3 4 5 6 7 |  7.5
Conjurations   | 2 3 4 5 6 |  6.5
Shields        | 1 2 3 4 |  4.8
Hexes          | 1 2 3 4 5 6 7 |  7.2
Poison Magic   | 1 2 3 4 |  4.8
Air Magic      | 1 2 3 4 |  4.3
Summonings     | 2 |  2.3
Ice Magic      | 2 3 |  3.3
Translocations | 2 3 |  3.5
Evocations     | 2 |  2.9
Invocations    | 1 2 |  2.7

Action                   |  1- 3 |  4- 6 |  7- 9 | 10-12 || total
-------------------------+-------+-------+-------+-------++-------
Melee: Short sword       |    11 |       |       |       ||    11
       Whip              |     2 |    15 |    71 |    45 ||   133
       Staff             |       |       |       |     1 ||     1
 Cast: Magic Dart        |   113 |   160 |   410 |   462 ||  1145
       Call Imp          |     4 |     9 |    32 |     7 ||    52
       Mephitic Cloud    |     4 |     5 |    34 |    43 ||    86
       Conjure Flame     |       |     4 |    14 |    18 ||    36
       Blink             |       |     1 |     9 |    17 ||    27
       Slow              |       |       |     1 |       ||     1
       Tukima's Dance    |       |       |     6 |     6 ||    12
       Dazzling Spray    |       |       |       |     1 ||     1
  Use: Scroll            |       |     6 |     4 |     6 ||    16
       Potion            |       |       |     2 |     2 ||     4
 Stab: Confused          |       |       |     6 |     4 ||    10
       Distracted        |       |       |       |     1 ||     1
       Sleeping          |       |       |       |     1 ||     1
  Eat: Chunk             |     5 |     5 |    15 |     6 ||    31
       Ration            |       |     2 |     1 |     3 ||     6
Armor: Robe              |    17 |     6 |    16 |    26 ||    65
Dodge: Dodged            |    28 |    34 |   144 |   147 ||   353
